Map: Neon Violet Square LE

Players

JagrsMullets

  • Race: Terran Terran
  • Spawn Location: 11:00

A.I. 1 (Medium) - Winner!

  • Race: Protoss Protoss
  • Spawn Location: 5:00

VOD

Have the link to the VOD?

Description

Time

  • Played on: Nov. 23, 2017, 4:58 a.m.
  • Length: 22:02
Show
View Real Time Build Order
Export as new Build Order

JagrsMullets Terran 

Build Orders:  

Get SALT Encoding   

  12  0:02  SCV  
  13  0:14  SCV  
  14  0:26  Supply Depot  
  14  0:31  SCV  
  15  0:43  Supply Depot  
  15  0:47  SCV  
  16  0:59  SCV  
  16  1:00  Barracks  
  17  1:12  SCV  
  18  1:26  Engineering Bay  
  18  1:32  Refinery  
  18  1:37  Refinery  
  18  1:39  SCV  
  19  1:51  SCV  
  20  1:58  Marine  
  21  2:16  Marine  
  22  2:23  Missile Turret  
  22  2:33  Marine  
  23  2:37  SCV  
  24  2:48  Command Center  
  24  2:49  SCV  
  25  2:51  Marine  
  26  3:02  SCV  
  27  3:09  Marine  
  28  3:13  Engineering Bay  
  28  3:14  SCV  
  28  3:16  Terran Infantry Weapons Level 1  
  29  3:27  Reaper  
  30  3:37  Supply Depot  
  30  3:50  Supply Depot  
  30  3:57  Hi-Sec Auto Tracking  
  30  3:59  Reaper  
  30  4:01  Orbital Command  
  31  4:25  Barracks  
  31  4:31  Reaper  
  32  5:03  Reaper  
  33  5:16  Barracks Reactor  
  33  5:39  Barracks Reactor  
  33  5:59  Factory  
  33  6:08  SCV  
  27  6:20  SCV  
  27  6:22  Marine x4  
  30  6:32  SCV  
  31  6:40  Marine x4  
  31  6:44  SCV  
  32  6:56  SCV  
  32  6:58  Marine x4  
  32  7:15  Marine  
  32  7:16  Marine x3  
  36  7:34  Reaper x4  
  40  8:03  Planetary Fortress  
  40  8:06  Reaper x4  
  44  8:38  Reaper x4  
  48  8:52  Starport  
  48  8:57  Starport  
  48  9:00  Starport  
  48  9:08  Supply Depot  
  48  9:09  Supply Depot  
  48  9:10  Reaper x4  
  52  9:42  Reaper x4  
  56  10:14  Reaper x2  
  56  10:16  Starport Tech Lab  
  56  10:18  Supply Depot  
  58  10:24  Supply Depot  
  58  10:26  Supply Depot  
  58  10:28  Starport Reactor  
  58  10:29  Starport Reactor  
  58  10:37  Starport  
  58  10:46  Raven  
  52  11:10  Reaper x4  
  56  11:32  Refinery  
  56  11:35  Refinery  
  56  11:39  Starport Reactor  
  56  11:42  Reaper  
  57  12:04  Cloaking Field  
  57  12:48  Banshee  
  60  13:01  Viking  
  62  13:31  Banshee  
  65  14:14  Banshee  
  68  14:35  Fusion Core  
  52  14:57  Banshee  
  55  15:07  Marine  
  55  15:08  Marine x3  
  59  15:21  Viking x4  
  61  15:25  Marine x3  
  61  15:26  Marine  
  71  15:39  Banshee  
  74  15:43  Marine x4  
  78  15:51  Viking x4  
  86  16:01  Marine x4  
  90  16:20  Reaper  
  90  16:21  Viking x4, Reaper x3  
  90  16:22  Viking  
  28  19:12  Marine x4  
  32  19:29  Marine  
  32  19:30  Marine x3  
  32  19:31  Viking x6  
  40  19:32  Viking  
  48  19:47  Marine x2  
  48  19:48  Marine x2  
  50  20:01  Viking x6  
  50  20:05  Marine x3, Missile Turret  
  50  20:06  Marine  
  43  21:13  Orbital Command  
  43  21:17  Marine x3  
  43  21:18  Reaper  
Show
View Real Time Build Order
Export as new Build Order

A.I. 1 (Medium) Protoss - Winner!

Build Orders:  

Get SALT Encoding   

  12  0:00  Probe  
  13  0:13  Probe  
  14  0:21  Pylon  
  14  0:25  Probe  
  15  0:39  Probe  
  16  0:48  Assimilator  
  16  0:50  Gateway  
  16  0:52  Probe  
  17  1:00  Pylon  
  17  1:04  Probe  
  18  1:31  Gateway  
  18  1:35  Assimilator  
  18  1:41  Cybernetics Core  
  18  1:42  Zealot  
  20  2:09  Zealot  
  22  2:19  Stalker, Pylon  
  22  2:21  Warp Gate  
  24  2:36  Stalker  
  26  2:37  Probe  
  27  2:49  Probe  
  27  2:50  Stalker  
  30  2:58  Pylon  
  30  3:01  Probe  
  31  3:06  Stalker  
  33  3:13  Forge, Probe  
  34  3:25  Probe  
  35  3:38  Probe  
  36  5:27  Sentry, Probe  
  39  5:28  Photon Cannon  
  39  5:30  Photon Cannon  
  39  5:32  Pylon  
  39  5:34  Robotics Facility  
  39  5:35  Stargate  
  39  5:38  Twilight Council  
  39  5:40  Adept  
  39  5:41  Gateway  
  41  5:42  Forge  
  41  5:50  Probe  
  41  5:54  Stalker, Pylon  
  44  6:07  Sentry  
  42  6:21  Adept  
  42  6:22  Observer  
  43  6:32  Nexus  
  43  6:35  Stalker  
  45  6:44  Observer  
  44  6:48  Stalker  
  46  7:02  Zealot  
  46  7:16  Zealot  
  46  7:29  Stalker  
  48  7:30  Observer  
  48  7:43  Stalker  
  50  7:44  Probe  
  50  7:47  Probe  
  52  7:52  Assimilator  
  52  7:54  Pylon  
  52  7:57  Probe  
  53  7:58  Pylon  
  53  7:59  Probe  
  53  8:01  Assimilator  
  54  8:09  Probe  
  54  8:11  Probe  
  56  8:20  Photon Cannon  
  56  8:21  Probe  
  56  8:22  Photon Cannon  
  56  8:24  Probe  
  58  8:33  Probe  
  59  8:36  Probe  
  60  8:45  Probe  
  60  8:48  Probe  
  62  8:57  Probe  
  62  9:00  Probe  
  64  9:09  Probe  
  65  9:12  Probe  
  66  9:21  Probe  
  67  9:24  Probe  
  68  9:33  Probe  
  68  9:36  Probe  
  70  10:06  Warp Prism  
  70  10:07  Void Ray, Protoss Ground Weapons Level 1, Protoss Ground Armor Level 1  
  72  10:09  Gateway  
  72  10:13  Dark Shrine  
  76  10:42  Warp Prism  
  78  10:46  Zealot  
  58  10:58  Zealot  
  60  11:10  Stalker  
  62  11:18  Observer  
  63  11:22  Stalker  
  65  11:26  Nexus  
  65  11:35  Dark Templar  
  67  11:47  Dark Templar  
  69  12:31  Dark Templar, Archon  
  71  12:38  Probe  
  71  12:41  Probe  
  71  12:44  Dark Templar, Probe  
  75  12:48  Assimilator  
  75  12:51  Assimilator, Probe  
  77  12:54  Probe  
  77  12:56  Probe  
  79  13:03  Probe  
  80  13:06  Probe  
  80  13:08  Archon  
  80  13:09  Dark Templar  
  83  13:21  Dark Templar  
  85  13:46  Dark Templar, Archon  
  85  13:47  Protoss Ground Armor Level 2, Protoss Ground Weapons Level 2  
  87  13:48  Protoss Air Weapons Level 1  
  87  13:52  Pylon  
  87  13:54  Sentry  
  89  14:02  Stalker  
  91  14:10  Sentry  
  93  14:18  Void Ray, Templar Archives  
  93  14:20  Stargate  
  93  14:23  Robotics Bay  
  97  14:26  Fleet Beacon, Dark Templar  
  97  14:30  Robotics Facility  
  95  14:40  Zealot, Archon  
  81  14:48  Zealot  
  83  14:56  Stalker  
  85  15:04  Stalker  
  83  15:11  Observer Gravitic Boosters  
  83  15:12  Void Ray  
  87  15:20  High Templar  
  89  15:42  Protoss Air Armor Level 1  
  89  16:00  High Templar  
  89  16:03  Protoss Shields Level 1  
  89  16:04  Protoss Ground Weapons Level 3  
  91  16:08  Gravitic Drive  
  91  16:14  Dark Templar, Archon  
  93  16:44  Nexus  
  93  16:49  Void Ray  
  93  17:29  Dark Templar  
  95  17:36  Protoss Air Weapons Level 2  
  69  17:45  Sentry  
  69  17:48  Observer  
  69  17:53  Void Ray  
  69  17:55  Pylon  
  69  17:57  Protoss Ground Armor Level 3  
  73  18:01  Sentry  
  73  18:03  Assimilator, Probe  
  75  18:08  Warp Prism  
  75  18:09  Zealot  
  75  18:14  Pylon  
  75  18:15  Pylon  
  75  18:16  Probe  
  75  18:17  Stalker, Assimilator  
  75  18:19  Probe  
  71  18:20  Pylon  
  71  18:22  Probe  
  71  18:25  Zealot, Probe  
  66  18:28  Probe  
  66  18:31  Probe  
  66  18:33  Zealot  
  57  18:34  Probe  
  57  18:40  Void Ray, Protoss Shields Level 2, Probe  
  57  18:41  Probe  
  58  18:44  Warp Prism, Probe  
  58  18:46  Probe  
  58  18:48  Stalker  
  60  18:51  Photon Cannon  
  60  18:53  Photon Cannon, Probe  
  60  18:54  Probe  
  60  18:55  Robotics Bay  
  62  18:56  Stalker  
  62  18:57  Probe  
  62  19:00  Probe  
  65  19:04  Sentry  
  65  19:05  Probe  
  65  19:08  Pylon  
  65  19:09  Probe  
  69  19:10  Void Ray, Probe  
  69  19:12  Sentry  
  69  19:13  Probe  
  73  19:17  Probe  
  73  19:19  Stalker  
  73  19:21  Probe  
  77  19:25  Probe  
  77  19:27  Probe  
  77  19:28  Immortal  
  77  19:29  Probe  
  84  19:33  Fleet Beacon, Probe  
  84  19:36  Robotics Facility  
  84  19:37  Probe  
  86  19:42  Probe  
  86  19:43  Probe  
  88  19:46  Probe  
  89  19:54  Probe  
  89  19:55  Probe  
  89  19:58  Probe  
  92  20:01  Probe  
  92  20:06  Probe  
  94  20:07  Immortal  
  94  20:10  Probe  
  97  20:23  Observer  
  98  20:44  Observer  
  98  20:49  Dark Templar  
  97  20:57  Dark Templar  
  99  21:09  Archon  
  99  21:10  High Templar  
  101  21:20  Stargate  
  101  21:22  Phoenix  
Tags
 
Add a new tag
Caveats
  • Supply blocks, unpowered buildings, or Contaminate may cause inaccurate times.
  • Supply counts are checked every 10 seconds.